 Dungeon Crawl Stone Soup version 0.13.1-27-ga479965 (webtiles) character file.

347 Chiseanne the Ruinous (level 5, -1/35 HPs)
             Began as a Mummy Conjurer on Feb 9, 2014.
             Slain by an orc warrior
             ... wielding a -1,+1 orcish long sword
             ... led by an orc knight
              (26 damage)
             ... on Level 2 of the Dungeon.
             The game lasted 00:20:17 (22425 turns).

Chiseanne the Ruinous (Mummy Conjurer)             Turns: 22425, Time: 00:20:17

HP  -1/35        AC  6     Str 11      XL: 5   Next: 64%
MP   4/11        EV 12     Int 15      God:
Gold 127         SH  0     Dex 12      Spells:  3 memorised,  1 level left

Res.Fire  : x . .   See Invis. : .   m - +1,+0 elf dagger (venom)
Res.Cold  : + . .   Warding    : .   n - +2 robe
Life Prot.: + + +   Conserve   : .   (no shield)
Res.Poison: +       Res.Corr.  : .   (no helmet)
Res.Elec. : .       Clarity    : .   j - +0 cloak
Sust.Abil.: . .     Spirit.Shd : .   a - +0 pair of gloves (curse)
Res.Mut.  : .       Stasis     : .   (no boots)
Res.Rott. : +       Flight     : .   (no amulet)
Saprovore : . . .                    (no ring)
                                     r - ring of flight

@: slightly resistant to hostile enchantments, unstealthy
A: no food or potions, fire vulnerability, restore body, cold resistance 1, life
protection 3, poison resistance, torment resistance, unbreathing
a: Evoke Flight


You were on level 2 of the Dungeon.
You were not hungry.

You visited 1 branch of the dungeon, and saw 3 of its levels.

You collected 107 gold pieces.

Inventory:

Hand weapons
 h - a +1,+0 club (quivered)
 m - a +1,+0 elven dagger of venom (weapon)
 q - a cursed -1,-2 mace
 u - a -1,+0 orcish spear
Missiles
 d - 18 poisoned needles
Armour
 a - a cursed +0 pair of gloves (worn)
 j - a +0 cloak (worn)
 n - a +2 robe (worn)
Comestibles
 b - a choko
 f - 3 bread rations
 p - 8 sultanas
 s - a meat ration
Scrolls
 l - a scroll of identify
 o - a scroll of teleportation
 t - a scroll of remove curse
Jewellery
 e - an uncursed ring of teleportation
 r - a ring of flight (left hand)
Potions
 g - a potion of poison {unknown}
 i - 3 potions of resistance
 k - a potion of restore abilities
Books
 c - a book of Conjurations

   Spells                             Type                      Level
   *Magic Dart                        Conjuration                  1
   Searing Ray                        Conjuration                  2
   Dazzling Spray                     Conjuration/Hexes            3
   *Iskenderun's Mystic Blast         Conjuration                  4
   *Iskenderun's Battlesphere         Conjuration/Charms           4
   Fulminant Prism                    Conjuration/Hexes            5


   Skills:
 - Level 1.5 Dodging
 - Level 1.5 Stealth
 * Level 3.3 Spellcasting
 * Level 4.8 Conjurations
 * Level 0.3 Evocations


You had one spell level left.
You knew the following spells:

 Your Spells              Type           Power        Failure   Level  Hunger
a - Magic Dart            Conj           ###.         2%          1    N/A
b - Iskenderun's Mystic   Conj           ###.....     28%         4    N/A
c - Iskenderun's Battles  Conj/Chrm      #.......     78%         4    N/A

Dungeon Overview and Level Annotations

Branches:
Dungeon (3/27)

Altars:

Annotations:
D:2 exclusion: 3 upstairs
D:3 Badjas' ghost, average HaAs


Innate Abilities, Weirdness & Mutations

You do not eat or drink.
Your flesh is vulnerable to fire.
Your flesh is cold resistant.
You are immune to negative energy.
Your system is resistant to poisons.
You are immune to unholy pain and torment.
You can survive without breathing.


Message History

You throw a poisoned dart.
The poisoned dart misses the orc warrior.
The orc warrior picks up an orcish spear.
The orc warrior throws an orcish spear.
The orcish spear misses you.
The orc warrior hits you with an orcish long sword.
You hit the orc warrior but do no damage.
The orc warrior is poisoned.
The orc warrior is lightly wounded.
The orc warrior hits you with an orcish long sword.
You hit the orc warrior.
The orc warrior looks even sicker.
The orc warrior is lightly wounded.
The orc warrior hits you with an orcish long sword.
You closely miss the orc warrior.
The orc warrior is lightly wounded.
You hit the orc warrior but do no damage.
The orc warrior looks even sicker.
The orc warrior is lightly wounded.
The orc warrior hits you with an orcish long sword!
Ouch! That really hurt!
You die...

.....###..............# .....#
#..............# .....#
#..............# ##### .....#
#.......############...###
.....# #.########## #.........
.##.## #.# #.....# #.##...##.
.##.#
#.####.###.######.#.......
....#
#.....)###.....##.#....###
.#############.o@..)#.##.#....#
.# #........##.####.#.##.#..[.#
.# #...)....##.#
#.#....#...#### .#
#..........o# #(######...# #.
.# #######.##### #.######...#
#. .#####.....# #..........###.
.#....#.#### ######...(...#.
.#.........# #.####....
.#.........# ########.####....


You could see an orc warrior.

Vanquished Creatures
  A worker ant (D:2)
  3 gnolls (D:2)
  5 adders
  2 giant mites
  6 giant geckos
  5 orcs
  A ball python (D:1)
  6 giant cockroaches
  9 goblins
  15 hobgoblins
  4 jackals (D:3)
  14 bats
  7 giant newts
  16 kobolds
  A quokka (D:1)
  4 rats (D:1)
99 creatures vanquished.

Notes
Turn   | Place    | Note
--------------------------------------------------------------
     0 | D:1      | Chiseanne, the Mummy Conjurer, began the quest for the Orb.
     0 | D:1      | Reached XP level 1. HP: 13/13 MP: 3/3
   263 | D:1      | Reached XP level 2. HP: 10/19 MP: 0/4
  1267 | D:1      | Reached XP level 3. HP: 24/24 MP: 3/6
  1962 | D:1      | Reached skill level 4 in Conjurations
  8101 | D:1      | Noticed an ogre mage
  8600 | D:2      | Reached XP level 4. HP: 30/30 MP: 2/8
  8657 | D:2      | Learned a level 4 spell: Iskenderun's Mystic Blast
 13085 | D:1      | Noticed a seven-headed hydra
 13297 | D:3      | Noticed Badjas' ghost (average HaAs)
 13529 | D:2      | Reached XP level 5. HP: 35/35 MP: 1/10
 16877 | D:2      | Noticed an orc warrior
 16903 | D:3      | Noticed an orc knight
 16952 | D:3      | Learned a level 4 spell: Iskenderun's Battlesphere
 22175 | D:3      | Noticed an ice beast
 22425 | D:2      | Slain by an orc warrior

Action                   |  1- 3 |  4- 6 || total
-------------------------+-------+-------++-------
Melee: Dagger            |    34 |    54 ||    88
       Unarmed           |     9 |       ||     9
       Club              |    20 |       ||    20
Throw: Dart              |       |     4 ||     4
 Cast: Magic Dart        |   106 |   130 ||   236
       Iskenderun's Myst |       |     4 ||     4
       Iskenderun's Batt |       |     2 ||     2
  Use: Scroll            |     8 |     8 ||    16
 Stab: Sleeping          |       |     1 ||     1
